 Dungeon Crawl Stone Soup version 0.30-a0-596-g0af90f9a20 (webtiles) character file.

Game seed: 5350883286199918120

67 drugrobin the Sneak (level 3, -8/30 HPs)
             Began as a Demigod Delver on Jan 7, 2023.
             Mangled by Sigmund
             ... wielding a +0 scythe
              (9 damage)
             ... on level 2 of the Dungeon.
             The game lasted 00:05:27 (1046 turns).

drugrobin the Sneak (Demigod Delver)                Turns: 1046, Time: 00:05:28

Health: -8/30      AC:  3    Str: 13    XL:     3   Next: 72%
Magic:  5/5        EV:  9    Int: 18    God:
Gold:   64         SH:  0    Dex: 19    Spells: 2/2 levels left

rFire   . . .      SeeInvis .      - Unarmed
rCold   . . .      Faith    .    (no shield)
rNeg    + . .      Spirit   .    a - +0 leather armour
rPois   .          Reflect  .    (no helmet)
rElec   .          Harm     .    (no cloak)
rCorr   .          Rampage  .    (no gloves)
Will    .....                    (no boots)
Stlth   +++                      (no amulet)
HPRegen 0.25/turn                m - ring of positive energy
MPRegen 0.09/turn                o - +6 ring of intelligence

@: constricted
A: high MP 1, forlorn, divine attributes
a: no special abilities


You were on level 2 of the Dungeon.
You visited 1 branch of the dungeon, and saw 4 of its levels.

You collected 64 gold pieces.

Inventory:

Hand Weapons
 b - a +0 sling
 c - a +0 dagger of venom
Missiles
 l - 8 poisoned darts
Armour
 a - a +0 leather armour (worn)
 n - a +0 ring mail
Jewellery
 m - a ring of positive energy (left hand)
 o - a +6 ring of intelligence (right hand)
Wands
 f - a wand of digging (3)
Scrolls
 d - a scroll of fear
 g - 4 scrolls of identify {unknown}
 k - a scroll of vulnerability {unknown}
 p - a scroll of magic mapping
 q - a scroll of amnesia {unknown}
 r - a scroll of immolation {unknown}
Potions
 e - 2 potions of haste
 h - a potion of might {unknown}
 i - a potion of mutation {unknown}
 s - a potion of resistance {unknown}


   Skills:
 - Level 2.6 Fighting
 - Level 1.7 Dodging
 - Level 4.5 Stealth
 + Level 3.9 Unarmed Combat


You had 2 spell levels left.
You didn't know any spells.
Your spell library was empty.

Dungeon Overview and Level Annotations

Branches:
Dungeon (5/15)
 Temple: D:4-7

Annotations:
D:2 Sigmund
D:4 exclusion: scorpion


Innate Abilities, Weirdness & Mutations

You have an increased reservoir of magic. (+10% MP)
You shall have no god before yourself.
Your divine heritage dramatically boosts your attributes as you level up.


Message History

You escape the roots grasp.
A ball python comes into view.
You hit the ball python.
The ball python is moderately wounded.
The ball python closely misses you. x2
You barely miss the ball python.
The ball python is moderately wounded.
Sigmund casts a spell at you. The magic dart hits you.
* * * LOW HITPOINT WARNING * * *
The ball python bites you.
* * * LOW HITPOINT WARNING * * *
The ball python closely misses you.
Unknown command.
Unknown command.
Unknown command.
As you read the scroll of fog, it crumbles to dust.
The scroll dissolves into smoke.
The ball python bites you.
* * * LOW HITPOINT WARNING * * *
The ball python misses you.
Unknown command.
Unknown command.
You hit the ball python but do no damage.
Your punch misses the ball python.
The ball python is moderately wounded.
The ball python closely misses you. The ball python grabs you.
The ball python constricts you.
Unknown command.
Unknown command.
You hit the ball python.
The ball python is heavily wounded.
The ball python closely misses you. The ball python constricts you.
Unknown command.
Unknown command.
You closely miss the ball python.
The ball python is heavily wounded.
The ball python barely misses you. The ball python constricts you.
* * * LOW HITPOINT WARNING * * *
Sigmund hits you from afar with a +0 scythe!
You die...

#....................
#....................
#.........)..........
.....................
.....###.............
#............##..#...
.........###.##§§#...
.........# #.##§S#
.........# #.##§@# .
#.####+#.###.##§§# ...
#..# #.#...#.##@§#....
##.###...._...§........
..............#..####..
##..######.#.@#..####
......# #.#.........
##....####.#.##..#...
##.##.@....#.....#....


You could see Sigmund and a ball python.

Vanquished Creatures
  A hound (D:3)
  An adder (D:4)
  5 orcs (D:4)
  2 ball pythons
  An endoplasm (D:3)
  2 giant cockroaches
  A hobgoblin (D:3)
  3 kobolds
  3 quokkas
  A rat (D:3)
20 creatures vanquished.

Notes
Turn   | Place    | Note
-------+----------+-------------------------------------------
     0 | D:5      | drugrobin the Demigod Delver began the quest for the Orb.
     0 | D:5      | Reached XP level 1. HP: 18/18 MP: 3/3
    37 | D:5      | Noticed a hound
   129 | D:4      | Noticed a scorpion
   177 | D:3      | Noticed a hound
   202 | D:4      | Noticed a phantom
   265 | D:4      | Noticed an orc priest
   400 | D:4      | Reached XP level 2. HP: 13/25 MP: 4/4
   806 | D:3      | Reached XP level 3. HP: 9/30 MP: 5/5
  1005 | D:2      | Noticed Sigmund
  1043 | D:2      | HP: 1/30 [ball python (3)]
  1046 | D:2      | Mangled by Sigmund

Illustrated notes

Levels and vault maps discovered:
D:2:      layout_basic, basic_ecumenical_altar, uniq_crazy_yiuf_cottage,
          uniq_sigmund
D:3:      layout_basic, st_stairs_5
D:4:      layout_loops_ring, mainiacjoe_overflow_24_doors
D:5:      layout_rooms, mainiacjoe_overflow_surrounded_room, minmay_bent

Skill      XL: |  1  2 |
---------------+-------+-----
Unarmed Combat | 2 3 |  3.9
Fighting       | |  2.6
Dodging        | |  1.7
Stealth        | |  4.5

Action                   || total
-------------------------++-------
Melee: Unarmed           ||    74
       Punch             ||     2
       Dagger            ||     8
 Fire: Sling             ||    16
Throw: Dart              ||     1
  Use: Scroll            ||     1
Armor: Leather armour    ||    13
Dodge: Dodged            ||    49

Table legend: (Time is in decaauts)
 A = Elapsed time spent in this place.
 B = Non-inter-level travel time spent in this place.
 C = Inter-level travel time spent in this place.
 D = Time resting spent in this place.
 E = Time spent auto-exploring this place.
 F = Levels seen in this place.
 G = Mean time per level.
                   A        B        C        D        E       F      G
               +--------+--------+--------+--------+--------+-----+--------+
         Total |   1039 |    996 |     43 |    237 |    117 |   4 |  259.8 |
       Dungeon |   1039 |    996 |     43 |    237 |    117 |   4 |  259.8 |
               +--------+--------+--------+--------+--------+-----+--------+

Top non-repeatable levels by time:
     D:4: 589 daAuts
     D:2: 232 daAuts
     D:3: 165 daAuts
     D:5: 52 daAuts
